 Dungeon Sprint DCSS version 0.16-a0-4097-gb4d75fa (webtiles) character file.

13500000 PolkaDot the Axe Maniac (level 27, -6/320 (323) HPs)
             Began as an Ogre Monk on Feb 25, 2015.
             Was the Champion of Makhleb.
             Mangled by a meat berserker
             ... wielding a +9 battleaxe
              (75 damage)
             ... in the Dungeon (Sprint VIII: "Arena of Blood").
             The game lasted 00:04:39 (135 turns).

PolkaDot the Axe Maniac (Ogre Monk)                  Turns: 135, Time: 00:04:40

HP:   -6/320 (323)  AC:  5    Str: 24      XL:     27
MP:   44/49         EV: 31    Int:  9      God:    Makhleb [******]
Gold: 0             SH:  0    Dex: 18 (21) Spells: 0 memorised, 80 levels left

rFire  . . .     SeeInvis +     i - +∞ Axe of Woe
rCold  . . .     Clarity  .     a - +0 robe
rNeg   . . .     SustAb   .     (shield restricted)
rPois  .         Gourm    .     (helmet restricted)
rElec  .         Spirit   .     (no cloak)
rCorr  .         Warding  .     (gloves unavailable)
rMut   .         NoTele   +     (boots unavailable)
MR     ++...                    (no amulet)
Stlth  ++++++....               (no ring)
                                j - ring of see invisible

@: lethally poisoned (-6 -> -35), slowed, very slow, very resistant to hostile
enchantments, very stealthy
A: unfitting armour, tough skin 1
a: Minor Destruction, Lesser Servant of Makhleb, Major Destruction, Greater
Servant of Makhleb, Renounce Religion


You were in the Dungeon.
You worshipped Makhleb.
Makhleb was exalted by your worship.
You were not hungry.

You visited 1 branch

Inventory:

Hand weapons
 i - the +∞ Axe of Woe (weapon)
   (You found it in the Dungeon)
Armour
 a - a +0 robe (worn)
Jewellery
 j - a ring of see invisible (left hand)
Scrolls
 h - a scroll of blinking
Potions
 c - a potion of curing
 d - a potion of heal wounds
 e - a potion of haste
 f - 2 potions of magic
 g - a potion of berserk rage
Comestibles
 b - a meat ration


   Skills:
 O Level 27 Fighting
 O Level 27 Axes
 O Level 27 Throwing
 O Level 27 Armour
 O Level 27 Dodging
 O Level 27 Stealth
 O Level 27 Unarmed Combat
 O Level 27 Spellcasting
 O Level 27 Invocations


You had 80 spell levels left.
You didn't know any spells.

Dungeon Overview and Level Annotations

Branches:
Dungeon (1/1)

Altars:
Makhleb


Innate Abilities, Weirdness & Mutations

You are too large for most types of armour.
You have tough skin (AC +1).


Message History

A wretched soul comes into view.
A fleshlord comes into view. It is wielding a +9 great mace.
* * * LOW HITPOINT WARNING * * *
You feel very sick.
You hear a shout! x4
The corpse begins to drag itself along the ground!
You hear a shout! x3
You slice the fleshlord!! You chop the fleshlord into pieces.
You kill the fleshlord!
Makhleb accepts your kill.
You feel a little better.
You feel very sick.
You hear a shout! x2
The dread throws hellfire at you.
The hellfire explodes!
The blast of hellfire engulfs you!
* * * LOW HITPOINT WARNING * * *
The blast of hellfire engulfs the meat berserker.
You hear a shout! x2
The meat berserker hits you with a +9 battleaxe!!!!
You die...

#################
##...............###
..........W)@........
...W..z##x##O#####...
....%..D)....).......
.####..)p.##.##......
#.....p)p.§..........
.#...)).))..#.#.....O
#...§.)%)..%%......
..#..%......%%.%...
...#....%)%%%...%..


You could see a sculptor of flesh, a dread and a meat berserker (berserk).

Vanquished Creatures
  Harold (D)
  5 great orbs of eyes (D)
  5 greater mummies (D)
  11 hell beasts (D)
  A hell knight (D)
  9 hill giants (D)
  2 hydras (D)
  5 liches (D)
  33 ogres (D)
  55 orcs (D)
  2 phantoms (D)
  4 skeletal warriors (D)
  12 vampire knights (D)
  3 wraiths (D)
  2 sea snakes (D)
  5 tentacled monstrosities (D)
  16 large abominations (D)
  4 small abominations (D)
  14 crawling corpses (D)
189 creatures vanquished.

Vanquished Creatures (others)
  A hydra (D)
  2 orcs (D)
3 creatures vanquished.

Grand Total: 192 creatures vanquished

Notes
Turn   | Place    | Note
--------------------------------------------------------------
     0 | D        | PolkaDot, the Ogre Monk, began the quest for the Orb.
     0 | D        | Reached XP level 1. HP: 24/24 MP: 1/1
     3 | D        | Noticed a bag of meat
     4 | D        | Became a worshipper of Makhleb the Destroyer
     4 | D        | Acquired Makhleb's first power
     4 | D        | Acquired Makhleb's second power
     6 | D        | Noticed a bag of meat
     7 | D        | Noticed a bag of meat
     7 | D        | Killed a bag of meat
     7 | D        | Reached skill level 17 in Fighting
     7 | D        | Reached XP level 2. HP: 28/62 MP: 2/2
     7 | D        | Reached XP level 3. HP: 31/70 MP: 3/3
     7 | D        | Reached XP level 4. HP: 35/80 MP: 4/4
     7 | D        | Reached XP level 5. HP: 38/88 MP: 5/5
     7 | D        | Reached XP level 6. HP: 41/97 MP: 6/6
     7 | D        | Reached XP level 7. HP: 44/105 MP: 7/7
     7 | D        | Reached XP level 8. HP: 48/115 MP: 8/8
     7 | D        | Reached XP level 9. HP: 51/123 MP: 9/9
     7 | D        | Reached XP level 10. HP: 54/132 MP: 10/10
     7 | D        | Reached XP level 11. HP: 57/140 MP: 11/11
     9 | D        | Noticed a bag of meat
     9 | D        | Noticed a meat berserker
     9 | D        | Killed a bag of meat
     9 | D        | Reached XP level 12. HP: 93/150 MP: 12/12
    10 | D        | Noticed a bag of meat
    10 | D        | Noticed a meat berserker
    10 | D        | Noticed a bag of meat
    11 | D        | Killed a meat berserker
    11 | D        | Acquired Makhleb's third power
    11 | D        | Reached XP level 13. HP: 100/158 MP: 13/13
    12 | D        | Noticed a bag of meat
    12 | D        | Killed a bag of meat
    12 | D        | Reached skill level 19 in Axes
    12 | D        | Reached XP level 14. HP: 145/167 MP: 14/14
    13 | D        | Noticed a meat berserker
    13 | D        | Noticed a bag of meat
    13 | D        | Noticed a bag of meat
    13 | D        | Killed a meat berserker
    13 | D        | Acquired Makhleb's fourth power
    13 | D        | Reached skill level 21 in Axes
    13 | D        | Killed a bag of meat
    13 | D        | Reached skill level 22 in Axes
    13 | D        | Reached XP level 15. HP: 175/175 MP: 15/15
    14 | D        | Noticed a bag of meat
    14 | D        | Noticed a bag of meat
    14 | D        | Noticed a meat berserker
    15 | D        | Noticed a bag of meat
    15 | D        | Noticed a bag of meat
    15 | D        | Noticed a bag of meat
    15 | D        | Noticed a meat berserker
    15 | D        | Noticed a bag of meat
    15 | D        | Noticed a meat berserker
    16 | D        | Noticed a bag of meat
    16 | D        | Noticed a meat berserker
    16 | D        | Noticed a bag of meat
    17 | D        | Noticed a bag of meat
    17 | D        | Noticed a meat berserker
    17 | D        | Killed a meat berserker
    17 | D        | Reached skill level 24 in Axes
    17 | D        | Killed a meat berserker
    17 | D        | Acquired Makhleb's fifth power
    17 | D        | Reached skill level 25 in Axes
    18 | D        | Noticed a meat berserker
    19 | D        | Noticed a large bag of meat
    19 | D        | Killed a meat berserker
    19 | D        | Reached skill level 26 in Axes
    19 | D        | Reached XP level 16. HP: 185/185 MP: 16/16
    19 | D        | Killed a bag of meat
    19 | D        | Reached skill level 27 in Axes
    19 | D        | Killed a bag of meat
    19 | D        | Killed a meat berserker
    19 | D        | Reached skill level 15 in Dodging
    20 | D        | Killed a meat berserker
    20 | D        | Reached XP level 17. HP: 202/208 MP: 17/17
    21 | D        | Noticed a bag of meat
    21 | D        | Noticed a large bag of meat
    21 | D        | Killed a meat berserker
    21 | D        | Killed a large bag of meat
    22 | D        | Noticed a bag of meat
    22 | D        | Noticed a bag of meat
    22 | D        | Noticed a meat berserker
    22 | D        | Noticed a bag of meat
    22 | D        | Noticed a bag of meat
    23 | D        | Noticed a bag of meat
    23 | D        | Noticed a meat berserker
    23 | D        | Killed a bag of meat
    23 | D        | Killed a bag of meat
    23 | D        | Reached XP level 18. HP: 227/230 MP: 18/18
    24 | D        | Killed a bag of meat
    24 | D        | Killed a meat berserker
    24 | D        | Reached skill level 27 in Fighting
    24 | D        | Killed a bag of meat
    24 | D        | Killed a bag of meat
    24 | D        | Reached skill level 15 in Stealth
    24 | D        | Reached skill level 27 in Unarmed Combat
    25 | D        | Noticed a meat berserker
    25 | D        | Killed a bag of meat
    25 | D        | Reached XP level 19. HP: 245/245 MP: 18/18
    25 | D        | Killed a bag of meat
    26 | D        | Killed a bag of meat
    27 | D        | Noticed a bag of meat
    27 | D        | Noticed a bag of meat
    27 | D        | Killed a meat berserker
    27 | D        | Reached skill level 27 in Dodging
    28 | D        | Noticed a large bag of meat
    28 | D        | Killed a meat berserker
    29 | D        | Noticed a bag of meat
    29 | D        | Killed a bag of meat
    29 | D        | Killed a meat berserker
    29 | D        | Reached XP level 20. HP: 256/256 MP: 19/19
    30 | D        | Noticed a bag of meat
    30 | D        | Noticed a large bag of meat
    30 | D        | Noticed a destroyer
    30 | D        | Killed a bag of meat
    30 | D        | Killed a bag of meat
    30 | D        | Reached skill level 27 in Stealth
    30 | D        | Killed a large bag of meat
    30 | D        | Reached skill level 5 in Armour
    30 | D        | Killed a bag of meat
    31 | D        | Noticed a bag of meat
    31 | D        | Killed a bag of meat
    32 | D        | Noticed an eight-headed meat hydra
    32 | D        | Killed a bag of meat
    32 | D        | Reached skill level 10 in Armour
    32 | D        | Reached XP level 21. HP: 265/265 MP: 19/39
    33 | D        | Killed a bag of meat
    34 | D        | Noticed a bag of meat
    34 | D        | Noticed a bag of meat
    34 | D        | Noticed a bag of meat
    34 | D        | Noticed a meat berserker
    35 | D        | Noticed a bag of meat
    35 | D        | Noticed a destroyer
    35 | D        | Noticed a meat berserker
    35 | D        | Killed a destroyer
    35 | D        | Killed a bag of meat
    36 | D        | Noticed a destroyer
    36 | D        | Killed a large bag of meat
    36 | D        | Killed a meat berserker
    36 | D        | Reached skill level 15 in Armour
    37 | D        | Noticed a destroyer
    37 | D        | Killed a destroyer
    38 | D        | Noticed a bag of meat
    38 | D        | Noticed a meat berserker
    39 | D        | Killed a bag of meat
    39 | D        | Killed a large bag of meat
    39 | D        | Reached XP level 22. HP: 97/275 MP: 20/45
    39 | D        | Killed a bag of meat
    40 | D        | Killed a meat berserker
    40 | D        | Killed a bag of meat
    41 | D        | Noticed The Servant
    41 | D        | Noticed a bag of meat
    41 | D        | Noticed a large bag of meat
    42 | D        | Noticed a bag of meat
    42 | D        | Noticed a destroyer
    42 | D        | Killed a destroyer
    42 | D        | Killed a bag of meat
    42 | D        | Killed a bag of meat
    42 | D        | Killed a destroyer
    43 | D        | Noticed a meat berserker
    43 | D        | Killed a destroyer
    43 | D        | Killed a bag of meat
    43 | D        | Killed a meat berserker
    43 | D        | Killed a bag of meat
    43 | D        | Reached XP level 23. HP: 284/284 MP: 21/47
    44 | D        | Killed a bag of meat
    46 | D        | Noticed a large bag of meat
    46 | D        | Killed a bag of meat
    46 | D        | Reached skill level 27 in Throwing
    46 | D        | Reached skill level 27 in Spellcasting
    46 | D        | Reached skill level 27 in Invocations
    47 | D        | Noticed a large bag of meat
    47 | D        | Noticed a bag of meat
    47 | D        | Noticed a meat berserker
    48 | D        | Noticed a destroyer
    48 | D        | Noticed a bag of meat
    48 | D        | Noticed a destroyer
    48 | D        | Noticed a bag of meat
    48 | D        | Noticed a bag of meat
    48 | D        | Killed The Servant
    48 | D        | Killed a large bag of meat
    49 | D        | Noticed a bag of meat
    49 | D        | Noticed a bag of meat
    49 | D        | Noticed a meat berserker
    49 | D        | Killed a large bag of meat
    49 | D        | Killed an eight-headed meat hydra
    50 | D        | Noticed a destroyer
    50 | D        | Noticed a large bag of meat
    50 | D        | Noticed a destroyer
    51 | D        | Noticed an accursed
    51 | D        | Noticed a meat berserker
    51 | D        | Noticed a meat berserker
    51 | D        | Killed a bag of meat
    52 | D        | Noticed a bag of meat
    52 | D        | Noticed a bag of meat
    52 | D        | Noticed a meat berserker
    52 | D        | Killed a meat berserker
    53 | D        | Killed a meat berserker
    53 | D        | Killed a destroyer
    53 | D        | Killed a meat berserker
    53 | D        | Reached skill level 27 in Armour
    54 | D        | Noticed a bag of meat
    54 | D        | Noticed a tyrant
    54 | D        | Killed a meat berserker
    54 | D        | Killed a destroyer
    55 | D        | Noticed a bag of meat
    55 | D        | Killed a bag of meat
    56 | D        | Noticed a bag of meat
    57 | D        | Noticed a destroyer
    57 | D        | Noticed a sculptor of flesh
    57 | D        | Killed an accursed
    57 | D        | Reached XP level 24. HP: 281/295 MP: 25/48
    58 | D        | Noticed an accursed
    59 | D        | Noticed an accursed
    59 | D        | Killed a meat berserker
    59 | D        | Killed a large bag of meat
    59 | D        | Killed a bag of meat
    59 | D        | Killed a bag of meat
    59 | D        | Killed a destroyer
    60 | D        | Killed a bag of meat
    60 | D        | Killed a bag of meat
    61 | D        | Noticed a destroyer
    61 | D        | Killed a bag of meat
    61 | D        | Killed a bag of meat
    62 | D        | Noticed a meat beast
    62 | D        | Killed a bag of meat
    62 | D        | Killed a destroyer
    62 | D        | Reached XP level 25. HP: 304/304 MP: 26/49
    62 | D        | Noticed a bag of meat
    63 | D        | Killed a bag of meat
    64 | D        | Noticed a dread
    64 | D        | Killed a dread
    64 | D        | Killed a bag of meat
    64 | D        | Killed a destroyer
    65 | D        | Killed a tyrant
    65 | D        | Killed a meat berserker
    66 | D        | Killed a meat beast
    66 | D        | Killed a bag of meat
    68 | D        | Noticed a meat beast
    68 | D        | Noticed a tyrant
    68 | D        | Killed a sculptor of flesh
    68 | D        | Reached XP level 26. HP: 314/314 MP: 27/49
    69 | D        | Noticed a meat beast
    69 | D        | Noticed a meat beast
    69 | D        | Noticed a meat berserker
    69 | D        | Killed an accursed
    70 | D        | Noticed a sculptor of flesh
    70 | D        | Killed an accursed
    70 | D        | Killed a meat beast
    70 | D        | Killed a large bag of meat
    71 | D        | Killed a meat beast
    72 | D        | Noticed a meat berserker
    72 | D        | Noticed a meat berserker
    72 | D        | Killed a bag of meat
    73 | D        | Noticed a meat beast
    74 | D        | Killed a meat beast
    74 | D        | Killed a meat berserker
    75 | D        | Killed a sculptor of flesh
    75 | D        | Killed a tyrant
    75 | D        | Killed a meat beast
    75 | D        | Reached XP level 27. HP: 321/321 MP: 29/49
    76 | D        | Noticed a meat beast
    76 | D        | Noticed a meat beast
    77 | D        | Killed a meat berserker
    79 | D        | Noticed a meat berserker
    79 | D        | Killed a meat berserker
    79 | D        | Killed a bag of meat
    80 | D        | Killed a meat beast
    81 | D        | Killed a meat beast
    81 | D        | Killed a destroyer
    82 | D        | Killed a meat berserker
    85 | D        | Noticed a meat beast
    85 | D        | Killed a wretched soul
    86 | D        | Noticed a meat berserker
    88 | D        | Noticed a meat berserker
    88 | D        | Killed a meat beast
    88 | D        | Killed an observer
    89 | D        | Noticed a meat berserker
    89 | D        | Killed a bag of meat
    90 | D        | Noticed a sculptor of flesh
    90 | D        | Killed a meat berserker
    92 | D        | Killed a meat berserker
    93 | D        | Noticed a meat berserker
    93 | D        | Noticed a bag of meat
    93 | D        | Noticed a tyrant
    93 | D        | Noticed a meat berserker
    94 | D        | Noticed a meat berserker
    94 | D        | Noticed a tyrant
    94 | D        | Noticed a destroyer
    94 | D        | Noticed a large bag of meat
    94 | D        | Noticed a meat beast
    94 | D        | Noticed a bag of meat
    95 | D        | Noticed a tyrant
    95 | D        | Noticed a meat berserker
    95 | D        | Killed an observer
    96 | D        | Noticed a bag of meat
    96 | D        | Noticed a bag of meat
    96 | D        | Noticed a bag of meat
    96 | D        | Killed a sculptor of flesh
    96 | D        | Killed a meat berserker
    96 | D        | Killed a meat berserker
    97 | D        | Noticed an accursed
    97 | D        | Killed a meat berserker
    98 | D        | Noticed a sculptor of flesh
    98 | D        | Noticed a bag of meat
    98 | D        | Noticed a dread
    98 | D        | Killed a meat berserker
    98 | D        | Killed a meat beast
    98 | D        | Killed an accursed
   100 | D        | Noticed a bag of meat
   100 | D        | Killed a tyrant
   100 | D        | Killed an observer
   100 | D        | Killed a meat berserker
   101 | D        | Killed a destroyer
   103 | D        | Killed a bag of meat
   103 | D        | Killed a bag of meat
   103 | D        | Killed an observer
   103 | D        | Killed a large bag of meat
   103 | D        | Killed a bag of meat
   104 | D        | Noticed a bag of meat
   104 | D        | Noticed an accursed
   106 | D        | Noticed a bag of meat
   106 | D        | Killed a bag of meat
   106 | D        | Killed an observer
   107 | D        | Killed a tyrant
   107 | D        | Killed a bag of meat
   108 | D        | Killed a bag of meat
   109 | D        | Noticed a bag of meat
   109 | D        | Killed a bag of meat
   109 | D        | Killed a dread
   110 | D        | Noticed a meat berserker
   111 | D        | Noticed a meat beast
   113 | D        | Killed a meat berserker
   113 | D        | Killed a sculptor of flesh
   113 | D        | Killed a tyrant
   114 | D        | Killed a meat beast
   115 | D        | Killed an accursed
   116 | D        | Killed a bag of meat
   116 | D        | Killed a wretched soul
   117 | D        | Noticed a meat beast
   117 | D        | Killed a bag of meat
   118 | D        | Noticed a dread
   120 | D        | Noticed a dread
   122 | D        | Killed a meat beast
   124 | D        | Killed a bag of meat
   127 | D        | Noticed a fleshlord
   128 | D        | Noticed a bag of meat
   128 | D        | Killed a dread
   129 | D        | Noticed a bag of meat
   131 | D        | Killed a bag of meat
   132 | D        | Noticed a meat berserker
   132 | D        | Noticed a fleshlord
   133 | D        | HP: 16/320 [??? (13)]
   134 | D        | Noticed a fleshlord
   134 | D        | Noticed a wretched soul
   134 | D        | Noticed a sculptor of flesh
   135 | D        | Killed a fleshlord
   135 | D        | Mangled by a meat berserker

Action                   |  1- 3 |  4- 6 |  7- 9 | 10-12 | 13-15 | 16-18 | 19-21 | 22-24 | 25-27 || total
-------------------------+-------+-------+-------+-------+-------+-------+-------+-------+-------++-------
Melee: Executioner's axe |     1 |       |       |     2 |     4 |     5 |    12 |    18 |    50 ||    92
